 Dungeon Crawl Stone Soup version 0.25.0-1-g7eea58d2a3 (webtiles) character file.

Game seed: 18088104102139749817

721 P0NYSLAYSTATION the Chopper (level 7, -5/61 HPs)
             Began as a Minotaur Fighter on June 14, 2020.
             Slain by an orc warrior
             ... wielding a +0 mace
              (12 damage)
             ... on level 7 of the Dungeon.
             The game lasted 00:14:18 (1604 turns).

P0NYSLAYSTATION the Chopper (Minotaur Fighter)      Turns: 1604, Time: 00:14:19

Health: -5/61      AC:  8    Str: 22    XL:     7   Next: 43%
Magic:  6/6        EV:  8    Int:  5    God:
Gold:   62         SH: 10    Dex: 10    Spells: 6/6 levels left

rFire    . . .     SeeInvis .   s - +1 mace (vorpal)
rCold    . . .     Gourm    .   c - +0 kite shield
rNeg     . . .     Faith    .   b - +0 scale mail
rPois    .         Spirit   .   (helmet restricted)
rElec    .         Reflect  .   (no cloak)
rCorr    .         Harm     .   n - +0 pair of gloves
MR       .....                  (no boots)
Stlth    ..........             (no amulet)
HPRegen  0.20/turn              e - ring of flight
MPRegen  0.10/turn              (no ring)

@: no status effects
A: retaliatory headbutt, horns 2
a: Evoke Flight


You were on level 7 of the Dungeon.
You were not hungry.

You visited 1 branch of the dungeon, and saw 7 of its levels.

You collected 62 gold pieces.

Inventory:

Hand Weapons
 a - a +0 war axe
 l - a +1 whip of draining
 s - a +1 vorpal mace (weapon)
Armour
 b - a +0 scale mail (worn)
 c - a +0 kite shield (worn)
 n - a +0 pair of gloves (worn)
Jewellery
 e - a ring of flight (left hand)
Scrolls
 g - a scroll of fog {unknown}
 h - a scroll of torment {unknown}
 j - 3 scrolls of amnesia
 k - a scroll of blinking
 o - 3 scrolls of remove curse
 p - a scroll of enchant armour {unknown}
 q - a scroll of immolation {unknown}
 u - a scroll of noise {unknown}
 v - a scroll of identify
Potions
 i - a potion of lignification {unknown}
 r - a potion of cancellation {unknown}
 t - a potion of magic {unknown}
 w - a potion of invisibility {unknown}
Comestibles
 f - 4 rations


   Skills:
 + Level 5.0 Fighting
 + Level 5.9(6.4) Axes
 + Level 3.9(5.4) Maces & Flails
 + Level 5.5 Armour
 + Level 1.6 Dodging
 + Level 0.2 Stealth
 + Level 5.2 Shields


You had 6 spell levels left.
You didn't know any spells.
Your spell library was empty.

Dungeon Overview and Level Annotations

Branches:
Dungeon (7/15)
 Temple: D:4-7

Altars:
Ashenzari
Kikubaaqudgha
Okawaru


Innate Abilities, Weirdness & Mutations

You reflexively headbutt those who attack you in melee.
You have a pair of horns on your head.


Message History

You hit the orc warrior but do no damage.
The orc warrior is heavily wounded.
The orc warrior hits you but does no damage.
You hit the orc warrior.
You headbutt the orc warrior, but do no damage.
The orc warrior is almost dead.
The orc warrior hits you with a +0 mace!
You hit the orc warrior but do no damage.
The orc warrior is almost dead.
The orc warrior hits you with a +0 mace!
* * * LOW HITPOINT WARNING * * *
There is a stone staircase leading up here.
Your shield and scale mail prevent you from hitting the orc warrior.
You headbutt the orc warrior, but do no damage.
The orc warrior is almost dead.
The orc priest calls down the wrath of Beogh upon you.
Beogh smites you!
* * * LOW HITPOINT WARNING * * *
The orc warrior hits you with a +0 mace!
You die...

### .....#
#########.# #.#
#@o{5.....# #.#
####oo..### #.#
#....'....'.# #.#
#...o#....#.# #.####
#..5.#....#.###.#...
ooo..........W....|..
#####.############.#.
... #.#. ## #.#.


You could see an orc warrior, an orc priest, a crimson imp and an orc.

Vanquished Creatures
  A hungry ghost (D:7)
  2 centaurs
  A bullfrog (D:6)
  A scorpion (D:5)
  A crimson imp (D:7)
  2 hounds
  2 orc priests (D:5)
  12 adders
  A shadow imp (D:5)
  An ooze (D:3)
  A worm (D:4)
  A leopard gecko (D:3)
  6 orcs (D:5)
  2 bats
  A giant cockroach (D:3)
  3 goblins (D:2)
  2 hobgoblins
  3 jackals (D:3)
  A quokka (D:5)
  6 ball pythons (D:3)
  7 frilled lizards
  2 kobolds
  A leopard gecko zombie (D:5)
  A quokka skeleton (D:4)
  2 rats
63 creatures vanquished.

Notes
Turn   | Place    | Note
-------+----------+-------------------------------------------
     0 | D:1      | P0NYSLAYSTATION the Minotaur Fighter began the quest for
                  | the Orb.
     0 | D:1      | Reached XP level 1. HP: 19/19 MP: 0/0
   111 | D:2      | Reached XP level 2. HP: 17/27 MP: 1/1
   257 | D:3      | Reached XP level 3. HP: 33/33 MP: 2/2
   577 | D:3      | Reached XP level 4. HP: 39/41 MP: 3/3
   696 | D:3      | Found an iron altar of Okawaru.
   783 | D:4      | Reached XP level 5. HP: 42/47 MP: 4/4
   794 | D:5      | Entered Level 5 of the Dungeon
   936 | D:5      | Found an ancient bone altar of Kikubaaqudgha.
  1086 | D:5      | Reached skill level 1 in Dodging
  1096 | D:5      | Reached skill level 5 in Axes
  1190 | D:5      | Noticed a centaur
  1200 | D:5      | Killed a centaur
  1200 | D:5      | Reached skill level 1 in Maces & Flails
  1200 | D:5      | Reached skill level 5 in Armour
  1200 | D:5      | Reached XP level 6. HP: 49/53 MP: 5/5
  1393 | D:6      | Noticed an orc warrior
  1449 | D:7      | Reached skill level 5 in Shields
  1449 | D:7      | Reached XP level 7. HP: 56/60 MP: 6/6
  1466 | D:7      | Noticed a hungry ghost
  1541 | D:6      | Found a shattered altar of Ashenzari.
  1556 | D:7      | Killed a hungry ghost
  1556 | D:7      | Reached skill level 5 in Fighting
  1604 | D:7      | Slain by an orc warrior

Illustrated notes

Levels and vault maps discovered:
D:1:      dpeg_arrival_shelter, layout_basic, minmay_misc_feat_iff,
          nemelex_xobeh_ov_fountains_minmay
D:2:      minmay_wonky_spiral, layout_loops_ring, kennysheep_cross_room
D:3:      layout_loops_ring, nicolae_overflow_crystal_walls,
          minmay_snake_closets
D:4:      layout_rooms, dancing_weapons_uskayaw,
          minmay_temple_entry_antechambers, first_ration, serial_shops, shop,
          minmay_fractal_squares_5, uniq_natasha, uniq_duvessa, uniq_ijyb
D:5:      layout_loops_corners, grunt_temple_overflow_order_and_chaos_2,
          kennysheep_mini_moat, kiku_gazebo_pond_becter
D:6:      layout_rooms, lemuel_round_altar, ashenzari_altar_1, serial_shops,
          shop
D:7:      minmay_general_purpose_star, layout_basic

Skill      XL: |  1  2  3  4  5  6  7 |
---------------+----------------------+-----
Fighting       | 4 5 |  5.0
Armour         | 4 5 |  5.5
Shields        | 4 5 |  5.2
Axes           | 3 4 5 |  5.9
Dodging        | 1 |  1.6
Maces & Flails | 1 2 3 |  3.9
Stealth        | |  0.2

Action                   |  1- 3 |  4- 6 |  7- 9 || total
-------------------------+-------+-------+-------++-------
Melee: War axe           |    68 |    37 |       ||   105
       Headbutt          |     5 |    19 |     6 ||    30
       Whip              |       |    65 |       ||    65
       Mace              |       |     9 |    25 ||    34
  Use: Scroll            |     1 |     4 |     1 ||     6
       Potion            |       |       |     1 ||     1
  Eat: Chunk             |       |     2 |     2 ||     4
       Ration            |       |       |     1 ||     1
Armor: Scale mail        |    33 |    29 |     6 ||    68
Dodge: Dodged            |    26 |    30 |     3 ||    59
Block: Kite shield       |    31 |    54 |     6 ||    91
